 Dungeon Crawl Stone Soup version 0.31-a0-115-g4708a659fe (webtiles) character file.

Game seed: 14161571236686843002

71624 Conn the Thaumaturge (level 15, 0/88 HPs)
             Began as an Octopode Fire Elementalist on May 29, 2023.
             Was a High Priest of Sif Muna.
             Slain by a hell knight
             ... wielding a +0 halberd of flaming
              (35 damage)
             ... in a volcano.
             The game lasted 01:32:19 (27075 turns).

Conn the Thaumaturge (Octopode Fire Elementalist)  Turns: 27075, Time: 01:32:19

Health: 0/88       AC:  1    Str:  7    XL:     15   Next: 37%
Magic:  14/31      EV: 15    Int: 24    God:    Sif Muna [*****.]
Gold:   1560       SH:  5    Dex: 14    Spells: 3/38 levels left

rFire   + + .        N - +9 falchion of Pestilence {freeze, rCorr}
rCold   x . .        H - orb {guile}
rNeg    . . .        (helmet restricted)
rPois   +            O - amulet of reflection
rElec   .            s - ring of protection from fire
rCorr   +            y - ring of fire
SInv    .            z - ring of poison resistance
Will    .....        J - ring of fire
Stlth   ++++         Q - ring of ice
HPRegen 0.34/turn    R - ring of flight
MPRegen 0.22/turn    (no ring)
                     (no ring)

%: reflection
@: flying
A: almost no armour, amphibious, 8 rings, camouflage 1, gelatinous body 1,
(nimble swimmer 1), tentacles
a: Renounce Religion, Channel Magic, Forget Spell, Divine Exegesis


You were in a volcano.
You worshipped Sif Muna.
Sif Muna was extremely pleased with you.
You visited 4 branches of the dungeon, and saw 20 of its levels.
You also visited: Ossuary and Volcano.

You collected 1560 gold pieces.

Inventory:

Hand Weapons
 d - a +2 dagger of protection
 f - a +0 trident of electrocution
 A - a +1 shortbow of freezing
 N - the +9 falchion of Pestilence (weapon) {freeze, rCorr}
   (You found it on level 11 of the Dungeon)

   rCorr:     It protects you from acid and corrosion.
 W - the +3 spear "Trog's Righteous Fury" {drain, rC++}
   (You found it on level 1 of the Orcish Mines)

   rC:        It greatly protects you from cold.
Missiles
 o - 3 curare-tipped darts (quivered)
 F - 2 throwing nets
Armour
 H - an orb of guile (worn)
 M - a +0 buckler
Magical Staves
 k - a staff of poison
 T - a staff of poison
Jewellery
 g - a ring of ice
 s - a ring of protection from fire (left tentacle)
 y - a ring of fire (right tentacle)
 z - a ring of poison resistance (on tentacle)
 J - a ring of fire (on tentacle)
 O - an amulet of reflection (around mantle)
 Q - a ring of ice (on tentacle)
 R - a ring of flight (on tentacle)
Wands
 C - a wand of acid (6)
 D - a wand of flame (40)
 E - a wand of iceblast (20)
 G - a wand of charming (5)
 L - a wand of mindburst (9)
Scrolls
 c - 7 scrolls of teleportation
 i - a scroll of torment {unknown}
 j - 2 scrolls of poison
 l - 5 scrolls of immolation
 p - a scroll of brand weapon
 v - 3 scrolls of amnesia
 B - 6 scrolls of enchant armour
 I - 5 scrolls of identify
 K - a scroll of enchant weapon
 S - a scroll of fog
 V - a scroll of summoning {unknown}
Potions
 a - 4 potions of magic
 b - 3 potions of attraction
 e - a potion of lignification
 h - 3 potions of resistance
 m - 11 potions of curing
 n - 3 potions of might
 q - 3 potions of mutation
 r - a potion of berserk rage
 t - 5 potions of enlightenment
 u - 2 potions of haste
 w - 2 potions of brilliance {unknown}
 X - 2 potions of heal wounds
 Y - a potion of cancellation {unknown}
Miscellaneous
 x - a condenser vane
 P - a box of beasts
 U - a phantom mirror


   Skills:
 + Level 3.6 Fighting
 + Level 4.6(5.2) Short Blades
 + Level 3.5(4.6) Long Blades
 + Level 1.0 Throwing
 + Level 5.8 Dodging
 - Level 7.1 Stealth
 * Level 1.0 Shields
 + Level 12.4 Spellcasting
 + Level 10.9 Conjurations
 + Level 3.9 Hexes
 + Level 6.5 Summonings
 + Level 0.9 Translocations
 + Level 12.0 Fire Magic
 + Level 6.1 Air Magic
 - Level 3.0 Earth Magic
 * Level 10.6 Invocations
 + Level 2.3 Evocations


You had 3 spell levels left.
You knew the following spells:

 Your Spells              Type           Power      Damage    Failure   Level
a - Foxfire               Conj/Fire      100%       2x1d9     1%          1
b - Scorch                Fire           100%       2d9       1%          2
c - Inner Flame           Hex/Fire       88%        N/A       1%          3
d - Flame Wave            Conj/Fire      100%       2d21      1%          4
e - Summon Small Mammal   Summ           100%       N/A       1%          1
f - Swiftness             Air            44%        N/A       1%          3
g - Summon Lightning Spi  Summ/Air       45%        N/A       3%          4
h - Stone Arrow           Conj/Erth      96%        3d13      1%          3
i - Airstrike             Air            22%        2d(4-20)  3%          4
j - Iskenderun's Mystic   Conj/Tloc      43%        2d10      3%          4
k - Starburst             Conj/Fire      51%        6d14      5%          6

Your spell library contained the following spells:

 Spells                   Type           Power      Damage    Failure   Level
 Sandblast                Erth           58%        2d13      1%          1
 Slow                     Hex            100%       N/A       1%          1
 Static Discharge         Conj/Air       100%       2-7/arc   1%          2
 Dazzling Flash           Conj/Hex       100%       N/A       1%          3
 Volatile Blastmotes      Fire/Tloc      100%       2d18      1%          3
 Apportation              Tloc           38%        N/A       2%          1
 Ensorcelled Hibernation  Hex/Ice        72%        N/A       2%          2
 Tukima's Dance           Hex            33%        N/A       2%          3
 Passwall                 Tmut/Erth      18%        N/A       3%          2
 Necrotise                Necr           56%        1d6       4%          1
 Lesser Beckoning         Tloc           38%        N/A       4%          2
 Gell's Gravitas          Tloc           19%        N/A       9%          3
 Teleport Other           Tloc           19%        N/A       9%          3
 Cause Fear               Hex            16%        N/A       9%          4
 Leda's Liquefaction      Hex/Erth       15%        N/A       10%         4
 Anguish                  Hex/Necr       12%        N/A       19%         4
 Animate Dead             Necr           14%        N/A       38%         4
 Olgreb's Toxic Radiance  Pois           14%        N/A       38%         4
 Yara's Violent Unravell  Hex/Tmut       12%        3d7       45%         5
 Borgnjor's Vile Clutch   Necr/Erth      11%        N/A       52%         5
 Alistair's Intoxication  Tmut/Pois      9%         N/A       75%         5
 Ignition                 Fire           52%        3d14      89%         8
 Statue Form              Tmut/Erth      14%        N/A       98%         6
 Death Channel            Necr           7%         N/A       99%         6
 Eringya's Noxious Bog    Tmut/Pois      7%         N/A       99%         6
 Discord                  Hex            16%        N/A       100%        8


Dungeon Overview and Level Annotations

Branches:
Dungeon (12/15)            Temple (1/1) D:7            Lair (5/5) D:9
 Shoals (0/4) Lair:2       Spider (0/4) Lair:2        Slime (0/5) Lair:5
    Orc (2/2) D:10            Elf (0/3) Orc:2       Ossuary (visited)
Volcano (1/1)

Altars:
Ashenzari
Elyvilon
Fedhas
Gozag
Kikubaaqudgha
Makhleb
Qazlal
Ru
Sif Muna
Trog
Uskayaw
Vehumet
Yredelemnul

Shops:
D:4 :   D:5 ?

Annotations:
D:10 2 transporters
Temple 2 transporters
Lair:3 2 transporters, dazzle's ghost, journeyman NaCj


Innate Abilities, Weirdness & Mutations

You cannot wear most types of armour.
You are amphibious.
You can wear up to eight rings at the same time.
Your skin changes colour to match your surroundings (Stealth+).
Your rubbery body absorbs attacks. (AC +1, EV +1)
((You are camouflaged when in or above water. (Stealth+)))
You have tentacles for arms and can constrict up to eight enemies at once.


Message History

You feel a strong surge of power!
Flames lash the hell knight.
The hell knight completely resists.
You block the hell knight's attack.
Unknown command.
Press < or > to pray at altars.
The hell knight hits your lightning spire with a +0 halberd of flaming!
The hell knight burns your lightning spire.
Your quokka bites the hell knight but does no damage.
Your lightning spire shoots out a bolt of lightning at the hell knight!
The bolt of electricity hits the hell knight!
The hell knight hits your lightning spire with a +0 halberd of flaming.
Unknown command.
Casting: Scorch (safe; 1% risk of failure)
Confirm with . or Enter, or press ? or * to list all spells.
Aiming: Inner Flame (safe; 1% risk of failure)
Press: ? - help, Dir - move target, f - quokka, p - hell knight
Aim: a quokka (summoned, friendly, chance to affect: 100%)
You feel a strong surge of power!
Your quokka is filled with an inner flame.
Your quokka barely misses the hell knight.
The hell knight barely misses your lightning spire.
Casting: Inner Flame (safe; 1% risk of failure)
Confirm with . or Enter, or press ? or * to list all spells.
You feel a strong surge of power!
Flames lash the hell knight.
The hell knight completely resists.
Your quokka bites the hell knight.
The hell knight hits your lightning spire with a +0 halberd of flaming!
Your lightning spire is destroyed!
Your lightning spire disappears in a puff of smoke!
Your quokka bites the hell knight but does no damage.
Unknown command.
Casting: Scorch (safe; 1% risk of failure)
Confirm with . or Enter, or press ? or * to list all spells.
You feel a strong surge of power!
Flames lash the hell knight.
The hell knight completely resists.
The hell knight hits you from afar with a +0 halberd of flaming!!
The hell knight burns you.
Your quokka closely misses the hell knight.
The hell knight calls down the wrath of its god upon you.
The bolt of fire misses you.
Your quokka bites the hell knight.
The hell knight hits you from afar with a +0 halberd of flaming!!
You die...

≈§§§≈≈≈≈§§§§§≈§§§≈≈≈§≈§≈≈≈≈≈≈≈§§§
≈§§§§§§§§§§§≈§§≈§≈≈≈≈≈§≈≈≈§§≈≈≈§≈
§§≈≈§§§≈≈≈≈≈§≈≈≈§≈§≈≈≈§≈≈§≈≈≈§≈≈§
§≈§§§≈§≈≈≈≈§§§≈§≈§§≈≈≈§≈≈§≈≈≈§≈≈§
§≈≈§§§≈≈≈≈≈≈≈≈≈≈≈≈§§≈≈§§≈§≈§§§§≈≈
≈§§≈§§≈§§§≈...≈≈§§§§≈≈§§§.≈§§≈≈≈≈
§≈≈≈§≈§............§§......§§≈≈≈≈
§≈≈§§≈§≈.#################.§§≈≈≈≈
§≈≈≈≈§..#....'.@...'....#..≈≈≈≈≈
°○§§≈§○☼#.∩..#.8_8)#..∩.#.≈≈≈≈≈§
§○§○≈°○°#... #.rp..#....#..§≈≈≈§
°≈≈≈°≈°.###++###)###''###.≈≈≈≈≈§
°§§≈°≈≈.#......#.#......#.§§§§≈§
≈≈§°≈≈..######.#.#.######.≈§§≈≈§
≈§§≈≈≈≈.# #.#.#.)..#..≈≈≈≈≈
§≈≈≈≈≈..# #.#.#....#.≈§≈≈≈§
≈≈≈≈§°§.# #.#)#([..#..≈≈≈§§


You could see a hell knight (fast, ally target) and a friendly quokka (summoned,
inner flame).

Vanquished Creatures
  Kirke (Lair:3)
  A dire elephant (Lair:5)
  Fannar (Lair:3)
  2 hydras
  A catoblepas (Lair:5)
  Erica (Lair:1)
  2 two-headed ogres
  A boulder beetle (Lair:5)
  A centaur warrior (Volcano)
  A deep troll shaman (Lair:5)
  15 death yaks
  Urug (D:10)
  Amaemon (Lair:1)
  A skyshark (Lair:5)
  An orc knight (Orc:1)
  3 oklob plants
  Pikel (D:7)
  A wolf spider (Lair:2)
  A cyclops (Orc:1)
  Maurice (D:8)
  17 elephants
  3 black mambas
  3 torpor snails
  16 cane toads
  An orange demon (Lair:1)
  A gargoyle (Volcano)
  2 unseen horrors (D:12)
  2 kobold demonologists (D:10)
  10 rime drakes
  15 komodo dragons
  5 trolls
  3 polar bears
  13 blink frogs
  2 hornets
  4 slime creatures (D:12)
  A vampire (D:12)
  2 fire bats (Volcano)
  3 wraiths
  10 wyverns
  6 hogs (Lair:3)
  4 vampire mosquitoes (D:11)
  39 yaks
  6 basilisks
  2 steam dragons
  A swamp drake (D:10)
  14 water moccasins
  5 ice beasts
  13 orc warriors
  4 black bears
  6 centaurs
  17 wolves
  4 ogres
  3 lemures
  10 bullfrogs
  5 kobold brigands
  16 scorpions
  A gnoll sergeant (D:7)
  3 wights (D:8)
  18 killer bees
  An electric eel (Lair:5)
  8 howler monkeys
  2 centaur zombies (Ossuary)
  3 hounds
  4 jellies
  6 human zombies (Ossuary)
  A gnoll bouda (D:4)
  7 orc priests
  A sleepcap (D:6)
  3 iguanas
  4 scorpion zombies (Ossuary)
  Natasha (twice) (D:2)
  18 orc wizards
  6 hell rats (Lair:5)
  3 mummies (Ossuary)
  21 gnolls
  8 adders
  A shadow imp (D:6)
  4 white imps
  An ufetubus (D:5)
  A worm (D:2)
  A dart slug (D:3)
  55 orcs
  9 bats
  5 endoplasms
  2 gnoll zombies (Ossuary)
  5 goblins
  4 hobgoblins
  3 jackals (D:2)
  20 kobolds
  A quokka (D:4)
  5 ball pythons
  4 frilled lizards
  A goblin zombie (Ossuary)
  A hobgoblin zombie (Ossuary)
  3 orc zombies (Ossuary)
  A rat (D:1)
553 creatures vanquished.

Vanquished Creatures (collateral kills)
  A hydra (Lair:5)
  2 skysharks
  A lindwurm (Lair:3)
  A cane toad (Lair:1)
  A komodo dragon (Lair:1)
  5 yaks
  A basilisk (Lair:3)
  A water moccasin (Lair:3)
  An orc warrior (Orc:1)
  2 centaurs
  A bullfrog (Lair:3)
  5 lava snakes (Volcano)
  2 hell rats (Lair:5)
  6 foxfires
30 creatures vanquished.

Vanquished Creatures (others)
  A death yak (Lair:2)
  1629 foxfires
1630 creatures vanquished.

Grand Total: 2213 creatures vanquished

Notes
Turn   | Place    | Note
-------+----------+-------------------------------------------
     0 | D:1      | Conn the Octopode Fire Elementalist began the quest for the
                  | Orb.
     0 | D:1      | Reached XP level 1. HP: 11/11 MP: 3/3
   210 | D:1      | Reached XP level 2. HP: 15/17 MP: 5/5
   220 | D:1      | Learned a level 2 spell: Scorch
   872 | D:2      | Reached XP level 3. HP: 21/21 MP: 3/6
   923 | D:2      | Learned a level 3 spell: Inner Flame
   987 | D:2      | Noticed Natasha
   989 | D:2      | Found an opulent altar of Gozag.
   998 | D:2      | Killed Natasha
  1107 | D:2      | Reached XP level 4. HP: 27/27 MP: 3/7
  1720 | D:2      | Noticed Natasha
  1729 | D:2      | Killed Natasha
  2070 | D:3      | Reached XP level 5. HP: 24/31 MP: 1/8
  2226 | D:3      | Found a faded altar of an unknown god.
  2956 | D:4      | Reached XP level 6. HP: 22/37 MP: 5/10
  3117 | D:4      | Noticed a black bear
  3124 | D:4      | Killed a black bear
  3125 | D:4      | Reached skill level 1 in Short Blades
  3292 | D:5      | Entered Level 5 of the Dungeon
  3403 | D:5      | Found a large runed translucent door.
  3405 | D:5      | Found a large runed translucent door.
  3408 | D:5      | Found a large runed translucent door.
  3408 | D:5      | Found a large runed translucent door.
  3409 | D:5      | Noticed a komodo dragon
  3431 | D:5      | Learned a level 4 spell: Flame Wave
  3474 | D:5      | Reached XP level 7. HP: 42/42 MP: 1/12
  3670 | D:5      | Found Luiduaf's Magic Scroll Shoppe.
  3707 | D:5      | Reached skill level 1 in Hexes
  3723 | D:5      | Reached skill level 5 in Fire Magic
  3730 | D:5      | Reached skill level 1 in Fighting
  3758 | D:5      | Found a sand-covered staircase.
  3767 | Ossuary  | Entered an ossuary
  4015 | Ossuary  | Reached XP level 8. HP: 48/48 MP: 8/15
  4273 | Ossuary  | Reached skill level 5 in Spellcasting
  4983 | Ossuary  | Reached skill level 5 in Conjurations
  5033 | Ossuary  | Reached XP level 9. HP: 53/53 MP: 10/17
  5336 | D:4      | Reached skill level 5 in Stealth
  5759 | D:4      | Found a broken altar of Ashenzari.
  5797 | D:4      | Found Uheohik's Book Shoppe.
  5845 | D:4      | Found a shimmering blue altar of Sif Muna.
  5863 | D:4      | Became a worshipper of Sif Muna the Loreminder
  6456 | D:5      | Killed a komodo dragon
  7599 | D:7      | Noticed Pikel
  7715 | D:7      | Killed Pikel
  7715 | D:7      | Reached * piety under Sif Muna
  7716 | D:7      | Reached XP level 10. HP: 45/60 MP: 12/20
  8019 | D:7      | Found a staircase to the Ecumenical Temple.
  8024 | Temple   | Entered the Ecumenical Temple
  8024 | Temple   | Found a transporter.
  8024 | Temple   | Found a transporter.
  8158 | D:7      | Learned a level 1 spell: Summon Small Mammal
  8162 | D:7      | Learned a level 3 spell: Swiftness
  8310 | D:7      | Learned a level 4 spell: Summon Lightning Spire
  8485 | D:8      | Reached skill level 1 in Summonings
  8633 | D:8      | Learned a level 3 spell: Stone Arrow
  8732 | D:8      | Noticed Maurice
  8741 | D:8      | Killed Maurice
  8742 | D:8      | Reached skill level 1 in Air Magic
  8742 | D:8      | Reached skill level 1 in Invocations
  8960 | D:8      | Reached skill level 1 in Earth Magic
  9393 | D:8      | Reached ** piety under Sif Muna
  9806 | D:9      | Found a sacrificial altar of Ru.
  9972 | D:9      | Noticed a two-headed ogre
  9976 | D:9      | Reached XP level 11. HP: 27/64 MP: 1/23
  9983 | D:9      | Killed a two-headed ogre
 10161 | D:9      | Found a staircase to the Lair.
 10245 | D:9      | Found a blossoming altar of Fedhas.
 10258 | D:9      | Reached *** piety under Sif Muna
 10737 | D:9      | Learned a level 4 spell: Airstrike
 10738 | D:10     | Entered Level 10 of the Dungeon
 10741 | D:10     | Noticed Urug
 10758 | D:10     | Found a transporter.
 10758 | D:10     | Found a transporter.
 10758 | D:10     | Noticed a boulder beetle
 11061 | D:10     | Found a stormy altar of Qazlal.
 11577 | D:10     | Found a staircase to the Orcish Mines.
 11777 | D:10     | Identified the +2 ring mail of Music {Dex+4}
 12054 | D:10     | Killed Urug
 12744 | D:11     | Reached **** piety under Sif Muna
 13495 | D:11     | Identified the +9 falchion of Pestilence {freeze, rCorr}
 13524 | D:11     | Reached XP level 12. HP: 50/72 MP: 14/24
 14193 | D:12     | Reached skill level 5 in Invocations
 14577 | Lair:1   | Entered Level 1 of the Lair of Beasts
 14832 | Lair:1   | Learned a level 4 spell: Iskenderun's Mystic Blast
 14857 | Lair:1   | Reached skill level 5 in Summonings
 15008 | Lair:1   | Noticed Amaemon
 15379 | Lair:1   | Killed Amaemon
 15595 | Lair:1   | Noticed Erica
 15609 | Lair:1   | Killed Erica
 15779 | Lair:1   | Reached XP level 13. HP: 76/76 MP: 5/26
 15781 | Lair:1   | Reached skill level 1 in Long Blades
 15791 | Lair:1   | HP: 3/77 [yak[a torpor snail] (17)]
 15816 | Lair:1   | Reached skill level 10 in Fire Magic
 15816 | Lair:1   | Reached skill level 5 in Air Magic
 16049 | Lair:1   | Reached skill level 10 in Spellcasting
 16737 | Lair:2   | Reached skill level 5 in Dodging
 16887 | Lair:2   | Reached skill level 1 in Evocations
 16981 | Lair:2   | Found a staircase to the Shoals.
 17504 | Lair:2   | Found a hole to the Spider Nest.
 18603 | Lair:3   | Noticed Kirke
 18613 | Lair:3   | Killed Kirke
 18838 | Lair:3   | Found a transporter.
 18905 | Lair:3   | Found a transporter.
 18953 | Lair:3   | Noticed dazzle's ghost (journeyman NaCj)
 19047 | Lair:3   | Reached ***** piety under Sif Muna
 19359 | Lair:3   | Noticed Fannar
 19369 | Lair:3   | Killed Fannar
 19838 | Lair:4   | Reached XP level 14. HP: 83/83 MP: 23/29
 20569 | Lair:4   | Reached skill level 10 in Conjurations
 21329 | Lair:5   | Entered Level 5 of the Lair of Beasts
 21343 | Lair:5   | Received a gift from Sif Muna
 21488 | Lair:4   | Learned a level 6 spell: Starburst
 22705 | Lair:5   | Reached skill level 1 in Throwing
 23295 | Lair:5   | Got Sif Muna's Incunable of Hexing Blows {god gift}
 23672 | Lair:5   | Reached XP level 15. HP: 88/88 MP: 24/31
 23774 | Lair:5   | Reached skill level 10 in Invocations
 24079 | Lair:5   | Received a gift from Sif Muna
 24082 | Lair:5   | Got Sif Muna's Tractate on the Chthonic Evil Eye {god gift}
 24322 | Lair:5   | Found a staircase to the Slime Pits.
 25261 | Orc:1    | Entered Level 1 of the Orcish Mines
 25278 | Orc:1    | Reached skill level 1 in Shields
 26151 | Orc:1    | Identified the +3 spear "Trog's Righteous Fury" {drain,
                  | rC++}
 26287 | Orc:2    | Entered Level 2 of the Orcish Mines
 26287 | Orc:2    | Found a staircase to the Elven Halls.
 26288 | Orc:2    | Found a dark tunnel.
 26297 | Volcano  | Entered a volcano
 26793 | Volcano  | Found a radiant altar of Vehumet.
 27075 | Volcano  | Slain by a hell knight

Illustrated notes

Levels and vault maps discovered:
D:1:      dpeg_arrival_water_fire, layout_basic, minmay_pentomino_w2
D:2:      layout_loops_ring, basic_altar, uniq_natasha
D:3:      cheibrodos_old_hovel, layout_basic, ebering_ecumenical_altar_hall
D:4:      layout_basic, lemuel_coloured_pillars_altar,
          mainiacjoe_overflow_concentric_impassable, serial_shops, shop,
          grunt_decor_one_mirror
D:5:      layout_loops_cross, enter_ossuary_1, serial_shops,
          kennysheep_mini_moat, minmay_hollow_rounded_squares
D:6:      layout_loops_ring, serial_glass, glass_columns_a, glass_columns_c,
          glass_columns_c, glass_columns_c, glass_columns_c
D:7:      layout_cave_pools, temple_doors_cd, uniq_pikel
D:8:      layout_cave_pods, uniq_maurice
D:9:      layout_rooms, nicolae_ru_awakened_eye,
          mainiacjoe_overflow_surrounded_room, hellmonk_lair_entry_icy
D:10:     gammafunk_boulding_lane, layout_irregular_city,
          nicolae_qazlal_eye_of_the_storm, erik_orc_1, uniq_urug
D:11:     layout_stronghold
D:12:     layout_rooms
Temple:   hellmonk_temple_divided_pantheon
Lair:1:   layout_cave_pods, beast_lair_carwin_7, grunt_megastairs_4, uniq_erica,
          uniq_amaemon
Lair:2:   layout_layer_cave, shoals_dummy_entry, spider_nest_entry_rubble
Lair:3:   layout_gridlike, nzn_ghost_randoct, uniq_kirke, uniq_fannar
Lair:4:   layout_small_grid, serial_bayou_shore_a
Lair:5:   grunt_lair_end_beastmaster, layout_gridlike,
          minmay_slime_entry_oklob_enclosed, special_room
          [special_room_mythical_zoo]
Orc:1:    layout_diamond_mine, mines3_lemuel
Orc:2:    pf_orc_diabolical, layout_caves, enter_volcano_1, serial_shops, shop,
          special_room, uniq_josephine
Volcano:  volcano_lake [vl_original]

Skill      XL: |  1  2  3  4  5  6  7  8  9 10 11 12 13 14 15 |
---------------+----------------------------------------------+-----
Stealth        | 3 4 6 7 |  7.1
Fire Magic     | 4 5 7 8 9 10 11 12 | 12.0
Spellcasting   | 3 4 5 7 8 9 11 12 | 12.4
Conjurations   | 2 5 6 7 8 9 10 | 10.9
Short Blades   | 1 2 3 4 |  4.6
Hexes          | 1 2 3 |  3.9
Fighting       | 1 2 3 |  3.6
Dodging        | 3 4 5 |  5.8
Summonings     | 2 4 6 |  6.5
Air Magic      | 1 3 4 5 6 |  6.1
Invocations    | 1 4 6 7 9 10 | 10.6
Earth Magic    | 2 3 |  3.0
Long Blades    | 1 2 3 |  3.5
Evocations     | 2 |  2.3
Throwing       | 1 |  1.0
Shields        | 1 |  1.0
Translocations | |  0.9

Action                     |  1- 3 |  4- 6 |  7- 9 | 10-12 | 13-15 || total
---------------------------+-------+-------+-------+-------+-------++-------
  Melee: Dagger            |    12 |    64 |   126 |    68 |       ||   270
         Unarmed           |     4 |       |       |       |       ||     4
         Constrict         |     4 |    10 |    23 |    13 |    15 ||    65
         Tentacles         |     2 |    16 |    37 |    21 |    24 ||   100
         Punch             |       |       |     2 |     3 |     1 ||     6
         Falchion          |       |       |       |    12 |    77 ||    89
  Throw: Dart              |       |       |       |     1 |     9 ||    10
   Cast: Foxfire           |    31 |    54 |   206 |   303 |   346 ||   940
         Scorch            |       |     9 |    17 |    39 |    68 ||   133
         Inner Flame       |       |     4 |     5 |    31 |    39 ||    79
         Flame Wave        |       |       |     7 |    33 |    44 ||    84
         Summon Lightning  |       |       |       |     5 |    26 ||    31
         Summon Small Mamm |       |       |       |     4 |     3 ||     7
         Iskenderun's Myst |       |       |       |     6 |    20 ||    26
         Stone Arrow       |       |       |       |       |     2 ||     2
         Starburst         |       |       |       |       |    44 ||    44
         Airstrike         |       |       |       |       |     1 ||     1
 Invoke: Channel Magic     |       |       |       |     1 |     4 ||     5
  Evoke: Wand              |       |       |       |     2 |    11 ||    13
         Condenser vane    |       |       |       |     2 |     1 ||     3
    Use: Scroll            |       |     5 |    11 |     3 |     4 ||    23
         Potion            |       |     1 |     7 |     3 |     4 ||    15
   Stab: Sleeping          |     6 |     5 |     4 |     6 |     5 ||    26
         Distracted        |       |       |     1 |       |       ||     1
         Invisible         |       |       |     1 |       |       ||     1
 Armour: Skin              |     5 |    14 |    47 |    27 |    31 ||   124
  Dodge: Dodged            |    10 |    39 |    84 |   102 |   104 ||   339
  Block: Orb               |       |       |       |     6 |    50 ||    56
         Reflection        |       |       |       |       |     6 ||     6

Table legend: (Time is in decaauts)
 A = Elapsed time spent in this place.
 B = Non-inter-level travel time spent in this place.
 C = Inter-level travel time spent in this place.
 D = Time resting spent in this place.
 E = Time spent auto-exploring this place.
 F = Levels seen in this place.
 G = Mean time per level.
                   A        B        C        D        E       F      G
               +--------+--------+--------+--------+--------+-----+--------+
         Total |  27104 |  26437 |    667 |   2730 |  16962 |  22 | 1232.0 |
       Dungeon |  13575 |  13098 |    477 |   1009 |   8634 |  12 | 1131.2 |
        Temple |      1 |      1 |      0 |      0 |      0 |   1 |    1.0 |
          Lair |  10507 |  10339 |    168 |   1002 |   7022 |   5 | 2101.4 |
  Orcish Mines |    813 |    793 |     20 |      0 |    485 |   2 |  406.5 |
       Ossuary |   1428 |   1428 |      0 |    483 |    571 |   1 | 1428.0 |
       Volcano |    777 |    777 |      0 |    236 |    250 |   1 |  777.0 |
               +--------+--------+--------+--------+--------+-----+--------+

Top non-repeatable levels by time:
  Lair:5: 3128 daAuts
  Lair:4: 2259 daAuts
    D:10: 2215 daAuts
  Lair:1: 2016 daAuts
  Lair:2: 1661 daAuts
  Lair:3: 1441 daAuts
 Ossuary: 1428 daAuts
     D:9: 1364 daAuts
     D:5: 1357 daAuts
    D:11: 1179 daAuts
     D:2: 1148 daAuts
     D:4: 1132 daAuts
     D:8: 1091 daAuts
     D:3: 886 daAuts
     D:6: 865 daAuts
